 Dungeon Crawl Stone Soup version 0.20.1-1-g8b1a95d (webtiles) character file.

7478 Mitsuki the Fighter (level 11, -9/101 HPs)
             Began as a Hill Orc Fighter on Oct 8, 2017.
             Was a Believer of Okawaru.
             Mangled by a death yak (12 damage)
             ... on level 7 of the Dungeon.
             The game lasted 00:16:10 (11525 turns).

Mitsuki the Fighter (Hill Orc Fighter)             Turns: 11525, Time: 00:16:10

Health: -9/101     AC: 23    Str: 25      XL:     11   Next: 15%
Magic:  9/11       EV: 17    Int:  7 (8)  God:    Okawaru [**....]
Gold:   399        SH: 14    Dex: 15      Spells: 10/10 levels left

rFire    . . .     SeeInvis .   a - +0 trident
rCold    . . .     Gourm    .   c - +0 shield
rNeg     . . .     Faith    .   H - +3 plate armour
rPois    .         Spirit   .   J - +0 hat
rElec    .         Reflect  .   (no cloak)
rCorr    +         Harm     .   I - +0 pair of gloves
MR       .....                  (no boots)
Stlth    ..........             (no amulet)
Regen    0.3/turn               h - ring of resist corrosion
MPRegen  0.2/turn               u - +2 ring of strength

@: agile, heroism
A: repulsion field 1, thin metallic scales 1, deterioration 1, wild magic 1
a: Heroism, Renounce Religion


You were on level 7 of the Dungeon.
You worshipped Okawaru.
Okawaru was pleased with you.
You were hungry.

You visited 2 branches of the dungeon, and saw 9 of its levels.

You collected 399 gold pieces.

Inventory:

Hand Weapons
 a - a +0 trident (weapon)
 C - the +4 Vampire's Tooth {vamp}
   (You found it on level 4 of the Dungeon)

   It inflicts no extra harm, but heals its wielder when it wounds a living foe.
Armour
 c - a +0 shield (worn)
 H - a +3 plate armour (worn)
 I - a +0 pair of gloves (worn)
 J - a +0 hat (worn)
Jewellery
 h - a ring of resist corrosion (left hand)
 u - a +2 ring of strength (right hand)
Wands
 E - a wand of digging (9/24)
Scrolls
 b - a scroll of fear {unknown}
 e - 6 scrolls of identify {unknown}
 k - 3 scrolls of teleportation {unknown}
 l - 3 scrolls of immolation {unknown}
 m - a scroll of blinking {unknown}
 n - a scroll of noise {unknown}
 o - 4 scrolls of fog {unknown}
 q - 4 scrolls of remove curse {unknown}
 r - 5 scrolls of magic mapping {unknown}
 v - 2 scrolls of amnesia {unknown}
 y - 2 scrolls of enchant weapon {unknown}
 z - 3 scrolls of random uselessness {unknown}
Potions
 i - 3 potions of agility
 j - 2 potions of lignification {unknown}
 x - 3 potions of haste {unknown}
 A - 2 potions of cancellation {unknown}
 B - 7 potions of curing
 D - a potion of resistance {unknown}
 F - 2 potions of mutation {unknown}
 G - a potion of heal wounds {unknown}
Books
 d - a book of Cantrips

   Spells                             Type                      Level
   a - Confusing Touch                Hexes                        1
   b - Animate Skeleton               Necromancy                   1
   c - Summon Small Mammal            Summoning                    1
   d - Apportation                    Translocation                1
 s - a book of Conjurations

   Spells                             Type                      Level
   a - Magic Dart                     Conjuration                  1
   b - Searing Ray                    Conjuration                  2
   c - Dazzling Spray                 Conjuration/Hexes            3
   d - Fulminant Prism                Conjuration/Hexes            4
   e - Force Lance                    Conjuration/Translocation    4
   f - Iskenderun's Mystic Blast      Conjuration                  4
 t - a book of Misfortune

   Spells                             Type                      Level
   a - Confusing Touch                Hexes                        1
   b - Confuse                        Hexes                        3
   c - Gell's Gravitas                Translocation                3
   d - Petrify                        Transmutation/Earth          4
   e - Metabolic Englaciation         Hexes/Ice                    5
   f - Yara's Violent Unravelling     Hexes/Transmutation          5
 w - a book of Changes

   Spells                             Type                      Level
   a - Beastly Appendage              Transmutation                1
   b - Sticks to Snakes               Transmutation                2
   c - Spider Form                    Transmutation/Poison         3
   d - Ice Form                       Ice/Transmutation            4
   e - Blade Hands                    Transmutation                5
Comestibles
 f - 7 bread rations
 g - 3 meat rations
 p - a royal jelly


   Skills:
 + Level 10.8(15.8) Fighting
 + Level 9.5(14.5) Polearms
 + Level 9.9(14.9) Armour
 + Level 9.7(14.7) Shields


You had 10 spell levels left.
You didn't know any spells.

Dungeon Overview and Level Annotations

Branches:
Dungeon (8/15)             Temple (1/1) D:7
   Lair: D:8-11

Altars:
Ashenzari
Cheibriados
Elyvilon
Fedhas
Gozag
Hepliaklqana
Makhleb
Okawaru
Ru
Sif Muna
Trog
Uskayaw
Vehumet


Innate Abilities, Weirdness & Mutations

You are surrounded by a mild repulsion field. (EV +2)
You are partially covered in thin metallic scales. (AC +2)
Your body sometimes deteriorates upon taking damage.
Your spells are a little harder to cast, but a little more powerful.


Message History

* * * LOW HITPOINT WARNING * * *
Your body deteriorates!
You feel dopey.
You climb upwards.
There is a stone staircase leading down here.
Your shield prevents you from hitting the death yak.
The death yak gores you but does no damage.
You puncture the death yak!
The death yak is lightly wounded.
The death yak gores you!!
* * * LOW HITPOINT WARNING * * *
You puncture the death yak!
The death yak is moderately wounded.
You block the death yak's attack.
Okay, then.
You gain the combat prowess of a mighty hero.
The death yak barely misses you.
It was a potion of agility.
You feel agile all of a sudden. The death yak gores you!
You die...

.....#...##.##
#....'..# #..
.....##.))..#
####....#########..
..####.######
#....####..........
..#.....#
#....#..'..........
..#.....#
#....#..#..........
..#.....#
#....#..#....).....
..#.....#
#....#..#........>)
..#.....#
#..Y.#..#..........
.......##
#.@..####..........
########
####.....########..
#.....# #.. #.....#
#.. #.....# #..
####### ###


You could see a death yak.

Vanquished Creatures
  Erica (D:8)
  A death yak (D:8)
  A two-headed ogre (D:8)
  Pikel (D:7)
  The ghost of Turtleman12345 the Slasher, a novice DsGl (D:6)
  Joseph (D:7)
  The ghost of emsyzz the Firebug, a novice DEFE (D:4)
  Grinder (D:5)
  Sigmund (D:4)
  A yak (D:8)
  Grum (D:8)
  Menkaure (D:4)
  2 ice beasts
  3 orc warriors
  A phantom (D:6)
  2 wolves (D:8)
  A sky beast (D:6)
  6 ogres
  The ghost of Turtleman12345 the Cudgeler, an amateur DsGl (D:3)
  4 centaurs
  A big kobold (D:6)
  Blork the orc (D:4)
  3 bullfrogs (D:7)
  A water moccasin zombie (D:5)
  2 vampire bats (D:4)
  4 wights (D:7)
  2 crimson imps (D:5)
  2 bullfrog zombies
  3 hounds
  3 jellies
  2 orc priests
  3 bullfrog skeletons
  A centaur skeleton (D:6)
  Terence (D:2)
  4 orc wizards
  9 worker ants
  17 adders
  3 shadow imps (D:6)
  10 oozes (D:3)
  2 adder skeletons (D:6)
  An adder zombie (D:7)
  3 worms
  A dart slug (D:3)
  3 leopard geckos
  32 orcs
  11 bats
  5 giant cockroaches
  10 goblins
  7 hobgoblins
  3 jackals (D:3)
  5 quokkas
  A ball python (D:3)
  3 frilled lizards
  A jackal skeleton (D:5)
  11 kobolds
  A leopard gecko skeleton (D:4)
  A leopard gecko zombie (D:7)
  3 rats
208 creatures vanquished.

Vanquished Creatures (others)
  A slave (D:7)
  A worker ant (D:7)
  A fungus (D:3)
  8 toadstools (D:3)
11 creatures vanquished.

Grand Total: 219 creatures vanquished

Notes
Turn   | Place    | Note
-------+----------+-------------------------------------------
     0 | D:1      | Mitsuki the Hill Orc Fighter began the quest for the Orb.
     0 | D:1      | Reached XP level 1. HP: 19/19 MP: 1/1
   286 | D:1      | Reached XP level 2. HP: 26/27 MP: 2/2
   732 | D:2      | Noticed Terence
   740 | D:2      | Killed Terence
   740 | D:2      | Reached skill level 4 in Fighting
   740 | D:2      | Reached XP level 3. HP: 33/33 MP: 3/3
  1014 | D:2      | Reached XP level 4. HP: 34/40 MP: 4/4
  1842 | D:3      | Reached XP level 5. HP: 41/47 MP: 5/5
  2431 | D:3      | Noticed Turtleman12345's ghost (amateur DsGl)
  2454 | D:3      | Killed Turtleman12345's ghost
  2454 | D:3      | Reached skill level 5 in Fighting
  2454 | D:3      | Reached XP level 6. HP: 11/56 MP: 6/6
  3204 | D:4      | Noticed Sigmund
  3431 | D:4      | Noticed emsyzz's ghost (novice DEFE)
  3438 | D:4      | Killed emsyzz's ghost
  3438 | D:4      | Reached skill level 6 in Fighting
  3438 | D:4      | Reached skill level 5 in Armour
  3438 | D:4      | Reached skill level 5 in Shields
  3438 | D:4      | Reached XP level 7. HP: 46/63 MP: 7/7
  3644 | D:4      | Noticed Blork the orc
  3651 | D:4      | Killed Blork the orc
  3693 | D:4      | Noticed Menkaure
  3706 | D:4      | Killed Menkaure
  3706 | D:4      | Reached skill level 5 in Polearms
  3951 | D:4      | Reached XP level 8. HP: 69/71 MP: 8/8
  4077 | D:4      | Found a white marble altar of Elyvilon.
  4754 | D:4      | Killed Sigmund
  4754 | D:4      | Reached skill level 7 in Fighting
  4958 | D:5      | Entered Level 5 of the Dungeon
  5126 | D:5      | Noticed Grinder
  5147 | D:5      | Killed Grinder
  5267 | D:5      | Found an opulent altar of Gozag.
  5267 | D:5      | Found a burning altar of Makhleb.
  5267 | D:5      | Found a radiant altar of Vehumet.
  5856 | D:5      | Reached XP level 9. HP: 81/81 MP: 9/9
  5935 | D:5      | Reached skill level 8 in Fighting
  6689 | D:6      | Noticed Turtleman12345's ghost (novice DsGl)
  6712 | D:6      | Killed Turtleman12345's ghost
  6909 | D:6      | Gained mutation: You evolve. [mutagenic meat]
  6910 | D:6      | Gained mutation: You are partially covered in thin metallic scales. (AC +2) [mutagenic meat]
  6911 | D:6      | Gained mutation: Your body sometimes deteriorates upon taking damage. [mutagenic meat]
  6912 | D:6      | Gained mutation: Your spells are a little harder to cast, but a little more powerful. [mutagenic meat]
  7635 | D:6      | Found a blossoming altar of Fedhas.
  7707 | D:6      | Reached skill level 9 in Fighting
  7818 | D:6      | Reached XP level 10. HP: 15/91 MP: 10/10
  9778 | D:7      | Noticed Joseph
  9793 | D:7      | Killed Joseph
  9871 | D:7      | Gained mutation: You are surrounded by a mild repulsion field. (EV +2) [evolution]
  9871 | D:7      | Lost mutation: You evolve. [end of evolution]
  9921 | D:7      | Noticed Pikel
  9949 | D:7      | Killed Pikel
 10101 | D:7      | Found a staircase to the Ecumenical Temple.
 10110 | Temple   | Entered the Ecumenical Temple
 10128 | Temple   | Became a worshipper of Warmaster Okawaru
 10580 | D:8      | Noticed a two-headed ogre
 10591 | D:7      | Reached skill level 10 in Fighting
 10613 | D:8      | Killed a two-headed ogre
 10613 | D:8      | Reached * piety under Okawaru
 10867 | D:8      | Noticed Grum
 10898 | D:8      | Killed Grum
 11142 | D:8      | Noticed Erica
 11269 | D:8      | Killed Erica
 11269 | D:8      | Reached ** piety under Okawaru
 11269 | D:8      | Reached XP level 11. HP: 96/101 MP: 11/11
 11450 | D:8      | Noticed a death yak
 11459 | D:8      | Noticed a death yak
 11462 | D:8      | Noticed a death yak
 11512 | D:8      | Killed a death yak
 11522 | D:7      | HP: 2/101 [death yak (18)]
 11525 | D:7      | Mangled by a death yak

Skill      XL: |  1  2  3  4  5  6  7  8  9 10 |
---------------+-------------------------------+-----
Fighting       | 4 5 6 7 9 10 | 10.8
Polearms       | 3 4 5 6 7 9 |  9.5
Armour         | 4 5 6 8 9 |  9.9
Shields        | 4 5 6 8 9 |  9.7

Action                   |  1- 3 |  4- 6 |  7- 9 | 10-12 || total
-------------------------+-------+-------+-------+-------++-------
Melee: Trident           |    74 |   250 |   468 |   362 ||  1154
Invok: Heroism           |       |       |       |     1 ||     1
  Use: Potion            |       |     2 |     1 |     1 ||     4
  Eat: Chunk             |       |     8 |    17 |    12 ||    37
       Fruit             |       |       |     2 |       ||     2
Armor: Scale mail        |    13 |   118 |   124 |       ||   255
       Plate armour      |       |       |    38 |   155 ||   193
Dodge: Dodged            |    16 |    79 |   104 |    79 ||   278
Block: Shield            |    27 |   128 |   238 |   203 ||   596
